 Dungeon Crawl Stone Soup version 0.16-a0-1982-g8124c91 (webtiles) character file.

371 RobertPalmer the Insei (level 6, -2/43 HPs)
             Began as a Demonspawn Transmuter on Nov 8, 2014.
             Slain by an orc priest
             ... wielding a +0 trident
              (6 damage)
             ... on level 4 of the Dungeon.
             The game lasted 00:07:47 (5326 turns).

RobertPalmer the Insei (Demonspawn Transmuter)      Turns: 5326, Time: 00:07:48

Health: -2/43      AC:  3    Str: 10      XL:     6   Next: 42%
Magic:  10/10      EV: 14    Int: 13 (15) God:
Gold:   185        SH:  0    Dex: 15      Spells: 2 memorised, 6 levels left

rFire  . . .     SeeInvis .       - Unarmed
rCold  + . .     Rnd*Rage +     c - +0 robe
rNeg   . . .     SustAb   .     (no shield)
rPois  .         Gourm    .     (helmet restricted)
rElec  .         Spirit   .     (no cloak)
rCorr  .         Warding  .     n - +0 pair of gloves
rMut   .         Stasis   .     (no boots)
MR     .....                    (no amulet)
Stlth  +.........               (no ring)
                                (no ring)

@: not resistant to hostile enchantments, very unstealthy
A: hooves 1, horns 1, repulsion field 1, berserk 1, cold resistance 1
a: no special abilities


You were on level 4 of the Dungeon.
You were not hungry.

You visited 1 branch of the dungeon, and saw 4 of its levels.

You collected 185 gold pieces.


Innate Abilities, Weirdness & Mutations

You have large cloven feet.
You are surrounded by a mild repulsion field (EV +2).
You have a pair of small horns on your head.
You tend to lose your temper in combat.
Your flesh is cold resistant.


   Skills:
 - Level 1.1 Fighting
 - Level 1.8 Dodging
 + Level 6.6 Unarmed Combat
 - Level 2.0 Spellcasting
 - Level 1.8 Transmutations


You had 6 spell levels left.
You knew the following spells:

 Your Spells              Type           Power        Failure   Level  Hunger
z - Beastly Appendage     Trmt           #.....       14%         1    ##.....
Z - Sticks to Snakes      Trmt           #.........   21%         2    ###....

Inventory:

Missiles
 b - 11 arrows
Armour
 c - a +0 robe (worn)
 n - a +0 pair of gloves (worn)
Jewellery
 h - a +2 ring of dexterity {unknown}
 j - a cursed ring of teleportation {unknown}
Scrolls
 e - 3 scrolls of teleportation {unknown}
 f - a scroll of fog {unknown}
 k - 5 scrolls of remove curse {unknown}
 l - a scroll of immolation {unknown}
 m - a scroll of enchant armour {unknown}
 o - a scroll of fear {unknown}
 p - a scroll of amnesia {unknown}
 r - 3 scrolls of identify {unknown}
Potions
 q - 2 potions of heal wounds
Books
 d - a book of Changes
 t - a book of Unlife
Comestibles
 a - 3 bread rations
 g - a chunk of flesh {@w1}
 i - a meat ration
 s - a fruit
 u - a beef jerky
 v - a royal jelly

Dungeon Overview and Level Annotations

Branches:
Dungeon (4/15)
 Temple: D:4-7

Altars:
Vehumet

...................#
..........####.....#
####....## ####..#
#...## ##.# ##..# .
#..## ##..## ##...#
#.@..# #..oo........
.....ooo.......
.....o.........
.............>.
.o...........
...........
......### ..#


You could see an orc priest and 6 orcs.


Message History

You punch the orc!
You kill the orc!
The orc closely misses you.
An orc comes into view.
You completely miss the orc. You kick the orc, but do no damage.
The orc hits you with a dagger.
The orc priest hits you from afar with a trident!
The orc barely misses you.
You hit the orc but do no damage. You kick the orc, but do no damage.
The orc hits you with a dagger!
* * * LOW HITPOINT WARNING * * *
The orc misses you. The orc priest barely misses you.
You hit the orc.
The orc is moderately wounded.
The orc hits you.
* * * LOW HITPOINT WARNING * * *
The orc barely misses you.
An orc comes into view. It is wielding a short sword.
You closely miss the orc. You kick the orc, but do no damage.
The orc is moderately wounded.
The orc priest hits you from afar with a trident!
* * * LOW HITPOINT WARNING * * *
The orc completely misses you. The orc misses you. The orc misses you.
You completely miss the orc. You kick the orc, but do no damage.
You headbutt the orc, but do no damage.
The orc is moderately wounded.
The orc hits you.
* * * LOW HITPOINT WARNING * * *
The orc priest hits you from afar with a trident.
You die...

Action                   |  1- 3 |  4- 6 || total
-------------------------+-------+-------++-------
Melee: Unarmed           |   162 |   259 ||   421
 Cast: Beastly Appendage |     6 |    14 ||    20
       Sticks to Snakes  |     1 |       ||     1
  Use: Potion            |     2 |     4 ||     6
  Eat: Chunk             |     3 |    11 ||    14
       Fruit             |       |     2 ||     2

Vault maps used:
D:1:      minmay_arrival_glassed_features
D:2:      st_stairs_3, uniq_terence
D:3:      fiery_altar_vehumet, first_bread
D:4:      elyvilon_altar_4

Notes
Turn   | Place    | Note
--------------------------------------------------------------
     0 | D:1      | RobertPalmer, the Demonspawn Transmuter, began the quest for the Orb.
     0 | D:1      | Reached XP level 1. HP: 15/15 MP: 3/3
   299 | D:1      | Reached skill level 3 in Unarmed Combat
   527 | D:1      | Gained mutation: You are surrounded by a mild repulsion field (EV +2). [demonic ancestry]
   527 | D:1      | Reached XP level 2. HP: 12/21 MP: 4/4
  1218 | D:2      | Reached XP level 3. HP: 26/26 MP: 6/6
  1819 | D:2      | Reached skill level 4 in Unarmed Combat
  1851 | D:2      | Learned a level 2 spell: Sticks to Snakes
  1894 | D:2      | Noticed Terence
  1975 | D:2      | Killed Terence
  2198 | D:2      | Reached XP level 4. HP: 18/32 MP: 7/7
  3090 | D:3      | Reached skill level 5 in Unarmed Combat
  3267 | D:2      | Gained mutation: You have large cloven feet. [demonic ancestry]
  3267 | D:2      | Reached XP level 5. HP: 18/37 MP: 9/9
  4637 | D:3      | Gained mutation: Your flesh is cold resistant. [potion of mutation]
  4637 | D:3      | Gained mutation: You tend to lose your temper in combat. [potion of mutation]
  4637 | D:3      | Gained mutation: You have a pair of small horns on your head. [potion of mutation]
  4641 | D:3      | Reached skill level 6 in Unarmed Combat
  4641 | D:3      | Reached XP level 6. HP: 12/43 MP: 10/10
  4883 | D:3      | Found a radiant altar of Vehumet.
  5326 | D:4      | HP: 4/43 [orc (1)]
  5326 | D:4      | Slain by an orc priest

Vanquished Creatures
  An iguana (D:4)
  2 orc priests (D:3)
  An orc wizard (D:3)
  A worker ant (D:4)
  4 gnolls
  9 adders
  2 worms (D:2)
  An orc skeleton (D:4)
  A giant gecko (D:2)
  3 orcs
  10 bats
  8 goblins
  13 hobgoblins
  2 quokkas (D:3)
  A ball python (D:2)
  5 giant cockroaches
  7 giant newts
  9 kobolds
  8 rats
88 creatures vanquished.

Vanquished Creatures (collateral kills)
  Terence (D:2)
1 creature vanquished.

Vanquished Creatures (others)
  A goblin (D:4)
1 creature vanquished.

Grand Total: 90 creatures vanquished
